 Dungeon Crawl Stone Soup version 0.30-a0-329-g85436e0 (webtiles) character file.

Game seed: 6343918364441029651

2821 Sixotanaka the Blocker (level 9, -3/66 HPs)
             Began as a Gnoll Wanderer on Oct 28, 2022.
             Was a Follower of Cheibriados.
             Slain by Joseph
             ... wielding a +0 quarterstaff
              (6 damage)
             ... on level 7 of the Dungeon.
             The game lasted 00:29:27 (10109 turns).

Sixotanaka the Blocker (Gnoll Wanderer)            Turns: 10109, Time: 00:29:27

Health: -3/66      AC:  8    Str: 20    XL:     9   Next: 73%
Magic:  19/19      EV: 16    Int: 17    God:    Cheibriados [*.....]
Gold:   479        SH: 11    Dex: 14    Spells: 15/21 levels left

rFire   . . .      SeeInvis .    a - +2 dagger (elec)
rCold   . . .      Faith    .    C - +0 kite shield
rNeg    . . .      Spirit   .    n - +0 leather armour
rPois   +          Reflect  .    K - +0 helmet
rElec   .          Harm     .    s - +0 cloak {rPois}
rCorr   .          Rampage  .    d - +0 pair of gloves
Will    .....                    A - +0 pair of boots
Stlth   +++.......               (no amulet)
HPRegen 0.31/turn                g - +6 ring of strength
MPRegen 0.16/turn                w - +4 ring of evasion

@: very slow
A: fangs 1, strong nose, distributed training
a: Renounce Religion, Bend Time


You were on level 7 of the Dungeon.
You worshipped Cheibriados.
Cheibriados was aware of your devotion.
You visited 2 branches of the dungeon, and saw 8 of its levels.

You collected 479 gold pieces.

Inventory:

Hand Weapons
 a - a +2 dagger of electrocution (weapon)
 b - a +2 flail of holy wrath
 o - a +0 spear
 D - a +3 flail of protection
 M - a +0 antimagic short sword
Missiles
 k - 4 throwing nets
 l - 3 curare-tipped darts
 p - 9 poisoned darts
Armour
 d - a +0 pair of gloves (worn)
 e - a +2 buckler
 n - a +0 leather armour (worn)
 s - a +0 cloak of poison resistance (worn)
 A - a +0 pair of boots (worn)
 C - a +0 kite shield (worn)
 K - a +0 helmet (worn)
Jewellery
 g - a +6 ring of strength (left hand)
 j - an amulet of faith
 w - a +4 ring of evasion (right hand)
 y - a ring of magical power
 H - the ring "Zihy" {Fly rElec Int-2 Dex+6 Slay+4}
   (You took it off an orc priest on level 5 of the Dungeon)

   [ring of slaying]

   Int:       It affects your intelligence (-2).
   Dex:       It affects your dexterity (+6).
   Slay:      It affects your accuracy & damage with ranged weapons and melee
   (+4).
   rElec:     It insulates you from electricity.
   Fly:       It grants you flight.
Wands
 c - a wand of polymorph (17)
 r - a wand of digging (7)
Scrolls
 f - 3 scrolls of enchant weapon
 h - a scroll of teleportation
 m - a scroll of amnesia {unknown}
 t - a scroll of acquirement {unknown}
 u - 2 scrolls of fog
 v - 2 scrolls of vulnerability
 x - 2 scrolls of blinking {unknown}
 z - 3 scrolls of immolation
 F - 2 scrolls of noise {unknown}
 J - a scroll of brand weapon {unknown}
 L - a scroll of poison {unknown}
 O - a scroll of magic mapping {unknown}
 P - 2 scrolls of identify
Potions
 i - a potion of experience {unknown}
 q - a potion of haste
 E - 2 potions of resistance {unknown}
 G - 2 potions of lignification {unknown}
 I - 2 potions of magic {unknown}
 N - a potion of cancellation {unknown}
 Q - a potion of heal wounds {unknown}


   Skills:
 + Level 4.7 Fighting
 + Level 4.7 Short Blades
 + Level 4.7 Long Blades
 + Level 4.7 Axes
 + Level 4.7 Maces & Flails
 + Level 4.7 Polearms
 + Level 4.7 Staves
 + Level 4.7 Ranged Weapons
 + Level 4.7 Throwing
 + Level 5.4 Armour
 + Level 5.4 Dodging
 + Level 5.3 Stealth
 + Level 9.8 Shields
 + Level 4.7 Unarmed Combat
 + Level 6.9 Spellcasting
 + Level 3.9 Conjurations
 + Level 3.9 Hexes
 + Level 3.9 Summonings
 + Level 3.9 Necromancy
 + Level 3.9 Translocations
 + Level 3.9 Transmutations
 + Level 3.9 Fire Magic
 + Level 3.9 Ice Magic
 + Level 4.5 Air Magic
 + Level 3.9 Earth Magic
 + Level 3.9 Poison Magic
 + Level 5.2 Invocations
 + Level 4.7 Evocations


You had 15 spell levels left.
You knew the following spells:

 Your Spells              Type           Power      Damage    Failure   Level
a - Shock                 Conj/Air       80%        1d8       5%          1
b - Vhi's Electric Charg  Tloc/Air       40%        N/A       16%         3
c - Call Imp              Summ           19%        N/A       10%         2

Your spell library contained the following spells:

 Spells                   Type           Power      Damage    Failure   Level
 Magic Dart               Conj           76%        1d6       6%          1
 Swiftness                Air            21%        N/A       14%         3
 Mephitic Cloud           Conj/Pois/Air  19%        N/A       17%         3
 Gell's Gravitas          Tloc           19%        N/A       19%         3
 Teleport Other           Tloc           19%        N/A       19%         3
 Arcjolt                  Conj/Air       10%        1d20      83%         5
 Dispersal                Tloc           9%         N/A       100%        6
 Maxwell's Capacitive Co  Air            10%        ∞         100%        8


Dungeon Overview and Level Annotations

Branches:
Dungeon (7/15)             Temple (1/1) D:6

Altars:
Ashenzari
Cheibriados
Dithmenos
Elyvilon
Fedhas
Gozag
Kikubaaqudgha
Makhleb
Nemelex Xobeh
Okawaru
Qazlal
Ru
Sif Muna
Trog
Uskayaw
Vehumet
Wu Jian
Xom
Yredelemnul
Zin
The Shining One

Annotations:
D:6 1 runed translucent door, Crazy Yiuf
D:7 1 transporter, Joseph


Innate Abilities, Weirdness & Mutations

You have very sharp teeth.
Your uncanny sense of smell can sniff out nearby items.
Your experience applies equally to all skills.


Message History

Joseph is heavily wounded.
Joseph barely misses you.
You hit Joseph but do no damage.
Joseph is heavily wounded.
Joseph misses you.
You closely miss Joseph.
Joseph is heavily wounded.
You block Joseph's attack.
You hit Joseph but do no damage.
Joseph is heavily wounded.
You block Joseph's attack.
You hit Joseph but do no damage. You bite Joseph.
Joseph is heavily wounded.
You block Joseph's attack.
You hit Joseph but do no damage.
Joseph is heavily wounded.
You hit Joseph but do no damage. Lightning courses through Joseph!
You bite Joseph, but do no damage.
Joseph is severely wounded.
Joseph says, "It's nothing personal, but I have to kill you."
Joseph completely misses you.
You hit Joseph but do no damage.
Joseph is severely wounded.
Joseph hits you with a +0 quarterstaff!
* * * LOW HITPOINT WARNING * * *
You barely miss Joseph.
Joseph is severely wounded.
Joseph hits you with a +0 quarterstaff.
* * * LOW HITPOINT WARNING * * *
You hit Joseph. Your bite misses Joseph.
Joseph is severely wounded.
Joseph hits you with a +0 quarterstaff.
* * * LOW HITPOINT WARNING * * *
You hit Joseph but do no damage.
Joseph is severely wounded.
Joseph barely misses you.
You hit Joseph.
Joseph is severely wounded.
Joseph hits you with a +0 quarterstaff.
You die...

### #.# #.## #..
#.####### ####.......#
########## #........#
###........# #.@@.....#
...........###........#
###...................#
...........###........#
##.........# #........#
#.........# ##'#######
##.#'#...#......
...#.o...# ###
...#.....#


You could see Joseph.

Vanquished Creatures
  Grinder (D:3)
  A steam dragon (D:7)
  Menkaure (D:6)
  A black bear (D:6)
  5 ogres
  2 phantoms
  3 bullfrogs
  2 necrophages (D:6)
  A gnoll sergeant (D:6)
  2 scorpions (D:7)
  5 wights (D:7)
  A howler monkey (D:4)
  5 hounds
  A jelly (D:7)
  5 orc priests
  Jessica (D:2)
  3 iguanas
  6 orc wizards
  8 gnolls
  5 adders
  A white imp (D:7)
  An ufetubus (D:7)
  A worm (D:3)
  14 dart slugs
  18 orcs
  4 ball pythons
  7 bats
  4 endoplasms
  8 goblins
  12 hobgoblins
  6 jackals (D:1)
  5 kobolds
  7 quokkas
  A frilled lizard (D:3)
  4 rats
152 creatures vanquished.

Vanquished Creatures (collateral kills)
  An ogre (D:7)
1 creature vanquished.

Grand Total: 153 creatures vanquished

Notes
Turn   | Place    | Note
-------+----------+-------------------------------------------
     0 | D:1      | Sixotanaka the Gnoll Wanderer began the quest for the Orb.
     0 | D:1      | Sixotanaka set off with the following items: a +0 dagger, a
                  | +0 helmet, a potion of invisibility, a +0 robe, a +2
                  | buckler; and the following spell memorised: Shock; and the
                  | following spells available to memorise: Swiftness.
     0 | D:1      | Reached XP level 1. HP: 13/13 MP: 6/6
   210 | D:1      | Reached XP level 2. HP: 19/19 MP: 3/7
   640 | D:1      | Reached skill level 5 in Spellcasting
   640 | D:1      | Reached XP level 3. HP: 25/25 MP: 4/9
   749 | D:1      | Found a faded altar of an unknown god.
  1077 | D:1      | Reached skill level 1 in Invocations
  1363 | D:2      | Reached skill level 1 in Fighting
  1363 | D:2      | Reached skill level 1 in Short Blades
  1363 | D:2      | Reached skill level 1 in Long Blades
  1363 | D:2      | Reached skill level 1 in Axes
  1363 | D:2      | Reached skill level 1 in Maces & Flails
  1363 | D:2      | Reached skill level 1 in Polearms
  1363 | D:2      | Reached skill level 1 in Staves
  1363 | D:2      | Reached skill level 1 in Ranged Weapons
  1363 | D:2      | Reached skill level 1 in Throwing
  1363 | D:2      | Reached skill level 1 in Unarmed Combat
  1363 | D:2      | Reached skill level 1 in Evocations
  1441 | D:2      | Noticed Jessica
  1455 | D:2      | Killed Jessica
  1456 | D:2      | Reached XP level 4. HP: 32/32 MP: 4/11
  1574 | D:2      | Reached skill level 1 in Conjurations
  1574 | D:2      | Reached skill level 1 in Hexes
  1574 | D:2      | Reached skill level 1 in Summonings
  1574 | D:2      | Reached skill level 1 in Necromancy
  1574 | D:2      | Reached skill level 1 in Translocations
  1574 | D:2      | Reached skill level 1 in Transmutations
  1574 | D:2      | Reached skill level 1 in Fire Magic
  1574 | D:2      | Reached skill level 1 in Ice Magic
  1574 | D:2      | Reached skill level 1 in Earth Magic
  1574 | D:2      | Reached skill level 1 in Poison Magic
  2691 | D:3      | Noticed Grinder
  2716 | D:3      | Paralysed by Grinder for 4 turns
  2730 | D:3      | Paralysed by Grinder for 3 turns
  2735 | D:3      | Killed Grinder
  2736 | D:3      | Reached XP level 5. HP: 13/38 MP: 1/12
  2736 | D:3      | Reached XP level 6. HP: 15/44 MP: 1/14
  4093 | D:4      | Reached XP level 7. HP: 50/50 MP: 9/15
  4874 | D:5      | Entered Level 5 of the Dungeon
  5117 | D:4      | HP: 1/51 [orc priest/nerve-wracking pain (14)]
  5584 | D:5      | Reached skill level 9 in Shields
  5675 | D:5      | Identified the ring "Zihy" {Fly rElec Int-2 Dex+6 Slay+4}
  5945 | D:5      | Learned a level 3 spell: Vhi's Electric Charge
  6495 | D:6      | Reached XP level 8. HP: 58/58 MP: 9/16
  6555 | D:6      | Noticed Menkaure
  7661 | D:6      | Found a runed translucent door.
  7662 | D:6      | Noticed Crazy Yiuf
  7792 | D:6      | Reached XP level 9. HP: 65/65 MP: 12/18
  8009 | D:6      | Found a staircase to the Ecumenical Temple.
  8018 | Temple   | Entered the Ecumenical Temple
  8430 | Temple   | Became a worshipper of Cheibriados the Contemplative
  8468 | D:6      | Killed Menkaure
  8469 | D:6      | Reached skill level 5 in Armour
  8469 | D:6      | Reached skill level 5 in Dodging
  8910 | D:7      | Learned a level 2 spell: Call Imp
  9057 | D:7      | Reached skill level 5 in Stealth
  9606 | D:7      | Reached skill level 5 in Invocations
  9851 | D:7      | Found a transporter.
  9853 | D:7      | Noticed a worldbinder
 10040 | D:7      | Reached * piety under Cheibriados
 10093 | D:7      | HP: 3/66 [orc warrior/+0 broad axe (12)]
 10094 | D:7      | Noticed Joseph
 10107 | D:7      | HP: 2/66 [Joseph/+0 quarterstaff (5)]
 10109 | D:7      | Slain by Joseph

Illustrated notes

Levels and vault maps discovered:
D:1:      saegor_arrival_simple_e, layout_basic, basic_ecumenical_altar
D:2:      layout_basic, hangedman_decor_growths, guppyfry_early_orc_mine,
          uniq_jessica
D:3:      layout_basic, uniq_grinder
D:4:      layout_layer_cave
D:5:      kennysheep_slugbush, layout_cave_pools, serial_column_ruins,
          column_ruins_circle_small, column_ruins_open_tiny,
          column_ruins_open_small, column_ruins_grid_1, column_ruins_grid_3,
          column_ruins_open_tiny, nicolae_eternal_life, dreamdust_wishing_well
D:6:      layout_basic, minmay_temple_entry_fiery, uniq_menkaure,
          uniq_crazy_yiuf_cottage
D:7:      layout_basic, gammafunk_ghost_abyssal_escape, uniq_joseph
Temple:   mainiacjoe_temple_trianglar_array

Skill      XL: |  1  2  3  4  5  6  7  8  9 |
---------------+----------------------------+-----
Air Magic      | 2 3 4 |  4.5
Spellcasting   | 5 6 |  6.9
Invocations    | 1 2 3 4 5 |  5.2
Fighting       | 1 2 3 4 |  4.7
Short Blades   | 1 2 3 4 |  4.7
Long Blades    | 1 2 3 4 |  4.7
Axes           | 1 2 3 4 |  4.7
Maces & Flails | 1 2 3 4 |  4.7
Polearms       | 1 2 3 4 |  4.7
Staves         | 1 2 3 4 |  4.7
Ranged Weapons | 1 2 3 4 |  4.7
Throwing       | 1 2 3 4 |  4.7
Unarmed Combat | 1 2 3 4 |  4.7
Evocations     | 1 2 3 4 |  4.7
Conjurations   | 1 2 3 |  3.9
Hexes          | 1 2 3 |  3.9
Summonings     | 1 2 3 |  3.9
Necromancy     | 1 2 3 |  3.9
Translocations | 1 2 3 |  3.9
Transmutations | 1 2 3 |  3.9
Fire Magic     | 1 2 3 |  3.9
Ice Magic      | 1 2 3 |  3.9
Earth Magic    | 1 2 3 |  3.9
Poison Magic   | 1 2 3 |  3.9
Armour         | 3 4 5 |  5.4
Dodging        | 3 4 5 |  5.4
Stealth        | 3 4 5 |  5.3
Shields        | 9 |  9.8

Action                   |  1- 3 |  4- 6 |  7- 9 || total
-------------------------+-------+-------+-------++-------
Melee: Dagger            |    14 |       |   166 ||   180
       Short sword       |    10 |    44 |     6 ||    60
       Bite              |     2 |     1 |    29 ||    32
       Spear             |       |       |     5 ||     5
       Flail             |       |       |    38 ||    38
 Cast: Shock             |    69 |   104 |   250 ||   423
       Call Imp          |       |       |     1 ||     1
       Vhi's Electric Ch |       |       |     1 ||     1
  Use: Potion            |       |     1 |     3 ||     4
       Scroll            |       |       |     8 ||     8
 Stab: Invisible         |       |     3 |     2 ||     5
       Sleeping          |       |     1 |     2 ||     3
Armor: Robe              |    11 |       |       ||    11
       Leather armour    |       |     5 |    46 ||    51
Dodge: Dodged            |    26 |    32 |   116 ||   174
Block: Buckler           |    17 |    19 |    11 ||    47
       Kite shield       |       |       |    93 ||    93

Table legend: (Time is in decaauts)
 A = Elapsed time spent in this place.
 B = Non-inter-level travel time spent in this place.
 C = Inter-level travel time spent in this place.
 D = Time resting spent in this place.
 E = Time spent auto-exploring this place.
 F = Levels seen in this place.
 G = Mean time per level.
                   A        B        C        D        E       F      G
               +--------+--------+--------+--------+--------+-----+--------+
         Total |  10350 |  10045 |    305 |   2839 |   5529 |   8 | 1293.8 |
       Dungeon |   9913 |   9658 |    255 |   2839 |   5146 |   7 | 1416.1 |
        Temple |    437 |    387 |     50 |      0 |    383 |   1 |  437.0 |
               +--------+--------+--------+--------+--------+-----+--------+

Top non-repeatable levels by time:
     D:4: 1782 daAuts
     D:6: 1684 daAuts
     D:5: 1660 daAuts
     D:7: 1361 daAuts
     D:2: 1311 daAuts
     D:1: 1253 daAuts
     D:3: 860 daAuts
  Temple: 437 daAuts
